 Dungeon Crawl Stone Soup version 0.21.1-1-g345015f (webtiles) character file.

262 Goblin1989 the Insei (level 5, -2/37 HPs)
             Began as a Demonspawn Transmuter on Feb 27, 2018.
             Slain by an orc warrior
             ... wielding a +0 trident
              (8 damage)
             ... on level 6 of the Dungeon.
             The game lasted 00:10:33 (4573 turns).

Goblin1989 the Insei (Demonspawn Transmuter)        Turns: 4573, Time: 00:10:33

Health: -2/37      AC:  6    Str: 11    XL:     5   Next: 97%
Magic:  8/8        EV: 11    Int: 15    God:
Gold:   255        SH:  0    Dex: 13    Spells: 7/8 levels left

rFire    . . .     SeeInvis +   n - +2 dagger (venom)
rCold    + . .     Gourm    .   (no shield)
rNeg     . . .     Faith    .   y - +0 ring mail
rPois    .         Spirit   .   (no helmet)
rElec    .         Reflect  .   x - +0 cloak {MR+}
rCorr    .         Harm     .   (no gloves)
MR       +....                  (no boots)
Stlth    +.........             (no amulet)
HPRegen  0.12/turn              c - ring of protection from cold
MPRegen  0.11/turn              s - ring of see invisible

@: lethally poisoned (-2 -> -5)
A: powered by death 1, sturdy frame 1
a: no special abilities


You were on level 6 of the Dungeon.
You were not hungry.

You visited 1 branch of the dungeon, and saw 6 of its levels.

You collected 255 gold pieces.

Inventory:

Hand Weapons
 n - a +2 dagger of venom (weapon)
Missiles
 a - 42 arrows
Armour
 b - a +0 robe
 x - a +0 cloak of magic resistance (worn)
 y - a +0 ring mail (worn)
Jewellery
 c - a ring of protection from cold (left hand)
 s - a ring of see invisible (right hand)
 t - an uncursed ring of fire
 z - an uncursed ring of ice
Wands
 I - a wand of iceblast (9)
Scrolls
 g - 2 scrolls of enchant weapon {unknown}
 i - 5 scrolls of remove curse {@r2}
 k - 4 scrolls of identify {unknown}
 o - 3 scrolls of fear {unknown}
 v - a scroll of blinking {unknown}
Potions
 f - 2 potions of berserk rage {unknown}
 j - 2 potions of resistance {unknown}
 m - a potion of ambrosia {unknown}
 q - 2 potions of haste {unknown}
 w - a potion of agility {unknown}
Books
 p - a book of Changes

   Spells                             Type                      Level
   a - Beastly Appendage              Transmutation                1
   b - Sticks to Snakes               Transmutation                2
   c - Spider Form                    Transmutation/Poison         3
   d - Ice Form                       Ice/Transmutation            4
   e - Blade Hands                    Transmutation                5
Comestibles
 e - 9 rations


   Skills:
 - Level 1.0 Fighting
 - Level 1.7 Dodging
 + Level 6.1 Unarmed Combat
 - Level 2.0 Spellcasting
 - Level 1.7 Transmutations


You had 7 spell levels left.
You knew the following spells:

 Your Spells              Type           Power        Failure   Level  Hunger
a - Beastly Appendage     Tmut           #.....       17%         1    #......


Dungeon Overview and Level Annotations

Branches:
Dungeon (6/15)
 Temple: D:4-7

Altars:
Dithmenos
Trog
Xom

Annotations:
D:4 letownia2's ghost, amateur GnSk
D:5 bmj180's ghost, novice HaFi


Innate Abilities, Weirdness & Mutations

You regenerate a little health from kills.
Your movements are slightly less encumbered by armour. (ER -2)


Message History

You now have 255 gold pieces (gained 8).
e - 9 rations (gained 1)
There is a stone staircase leading down here.
You climb downwards.
An iguana comes into view.
The iguana hisses angrily.
An adder comes into view.
There is a stone staircase leading up here.
The adder hisses angrily.
You hit the iguana but do no damage.
You hear a shout! x2
The iguana bites you.
You hear a shout!
You hear a chilling moan.
You take 6 damage, and have 31/37 hp.
You hit the iguana.
The iguana is lightly wounded.
The iguana closely misses you.
You punch the iguana!
The iguana is heavily wounded.
The adder closely misses you. The iguana bites you.
The adder barely misses you.
You take 1 damage, and have 30/37 hp.
You hit the iguana but do no damage.
The iguana is heavily wounded.
The iguana closely misses you. The adder closely misses you.
You hit the iguana.
The iguana is severely wounded.
The adder closely misses you. The iguana barely misses you.
You hit the iguana but do no damage.
The iguana is severely wounded.
The adder bites you.
You are poisoned.
The adder poisons you! The iguana barely misses you.
You take 1 damage, and have 29/37 hp.
You hit the iguana. Your punch misses the iguana.
The iguana is almost dead.
You feel sick. The adder closely misses you.
You barely miss the iguana.
The iguana is almost dead.
The adder closely misses you. The iguana barely misses you.
You hit the iguana.
You kill the iguana!
Your Unarmed Combat skill increases to level 6!
You feel sick. The adder barely misses you. The adder closely misses you.
You take 1 damage, and have 28/37 hp.
You see here an iguana corpse.
You punch the adder!
The adder is almost dead.
The adder bites you.
You are more poisoned.
The adder poisons you!
An orc comes into view. It is wielding a hand axe.
You take 3 damage, and have 25/37 hp.
You hit the adder but do no damage.
The adder is almost dead.
You feel sick. The adder bites you but does no damage.
You take 1 damage, and have 24/37 hp.
You closely miss the adder.
The adder is almost dead.
You feel sick. The adder bites you but does no damage.
You take 1 damage, and have 23/37 hp.
You closely miss the adder.
The adder is almost dead.
The adder closely misses you.
An orc warrior comes into view. It is wielding a trident.
You closely miss the adder.
The adder is almost dead.
You feel sick. The adder closely misses you.
The adder bites you but does no damage.
You take 1 damage, and have 22/37 hp.
You hit the adder.
You kill the adder!
A worm comes into view.
You feel sick. The orc warrior closely misses you.
There is a stone staircase leading up here.
You see here an adder corpse.
The orc warrior hits you from afar with a trident!
* * * LOW HITPOINT WARNING * * *
You see here an iguana corpse.
You take 8 damage, and have 14/37 hp.
MASSIVE DAMAGE!!
You feel sick.
You take 1 damage, and have 13/37 hp.
You feel sick.
You take 1 damage, and have 12/37 hp.
You feel sick.
You take 1 damage, and have 11/37 hp.
You punch the worm!
The worm is heavily wounded.
Okay, then.
Wield which item (- for none, * to show all)? (? for menu, Esc to quit)
Your +2 dagger of venom begins to drip with poison!
n - a +2 dagger of venom (weapon)
You feel sick. The worm bites you.
* * * LOW HITPOINT WARNING * * *
The orc warrior barely misses you.
You take 6 damage, and have 6/37 hp.
You hit the worm.
The worm is severely wounded.
The orc warrior hits you from afar with a trident!
You die...

█. █. █.
.███.████
......█.█
█..w.█
█.█@█
█o█.█
█†█o█
█.█o█
█...█


█████ You could see an orc warrior, a worm and an orc.

Vanquished Creatures
  A howler monkey (D:4)
  An orc wizard (D:3)
  An iguana (D:6)
  The ghost of DrIsaac the Bolt Thrower, a weakling KoHu (D:3)
  6 adders
  A shadow imp (D:5)
  2 dart slugs
  3 leopard geckos
  4 orcs
  7 bats
  6 giant cockroaches
  8 goblins
  13 hobgoblins
  4 jackals (D:1)
  7 kobolds
  2 quokkas
  4 ball pythons
  8 frilled lizards
  A leopard gecko skeleton (D:4)
  5 rats
85 creatures vanquished.

Notes
Turn   | Place    | Note
-------+----------+-------------------------------------------
     0 | D:1      | Goblin1989 the Demonspawn Transmuter began the quest for the Orb.
     0 | D:1      | Reached XP level 1. HP: 15/15 MP: 3/3
     0 | D:1      | Goblin1989: !lg . -log
     0 | D:1      | beem: 2333. Goblin1989, XL11 DsTm, T:16204: https://crawl.xtahua.com/crawl/morgue/Goblin1989/morgue-Goblin1989-20180227-133138.txt
   109 | D:1      | Reached skill level 3 in Unarmed Combat
   346 | D:1      | Gained mutation: You regenerate a little health from kills. [demonic ancestry]
   346 | D:1      | Reached XP level 2. HP: 12/21 MP: 5/5
   755 | D:1      | Gained mutation: Your movements are slightly less encumbered by armour. (ER -2) [demonic ancestry]
   755 | D:1      | Reached XP level 3. HP: 15/26 MP: 4/6
   979 | D:1      | Reached skill level 4 in Unarmed Combat
  1667 | D:2      | Reached XP level 4. HP: 25/32 MP: 5/7
  2026 | D:2      | Found a bloodstained altar of Trog.
  2026 | D:2      | Found a shadowy altar of Dithmenos.
  2312 | D:3      | Reached skill level 5 in Unarmed Combat
  2331 | D:3      | Reached XP level 5. HP: 10/37 MP: 8/8
  2467 | D:3      | Noticed DrIsaac's ghost (weakling KoHu)
  2477 | D:3      | Killed DrIsaac's ghost
  3674 | D:4      | Noticed letownia2's ghost (amateur GnSk)
  3747 | D:5      | Entered Level 5 of the Dungeon
  3791 | D:5      | Noticed bmj180's ghost (novice HaFi)
  3818 | D:4      | Found a shimmering altar of Xom.
  4187 | D:6      | Noticed an ogre
  4555 | D:6      | Reached skill level 6 in Unarmed Combat
  4561 | D:6      | Noticed an orc warrior
  4573 | D:6      | Slain by an orc warrior

Skill      XL: |  1  2  3  4  5 |
---------------+----------------+-----
Unarmed Combat | 3 4 5 6 |  6.1
Fighting       | |  1.0
Dodging        | |  1.7
Spellcasting   | |  2.0
Transmutations | |  1.7

Action                   |  1- 3 |  4- 6 || total
-------------------------+-------+-------++-------
Melee: Unarmed           |   153 |   175 ||   328
       Punch             |     2 |     2 ||     4
       Headbutt          |     2 |     2 ||     4
       Kick              |     2 |     1 ||     3
       Dagger            |       |     1 ||     1
 Cast: Beastly Appendage |     4 |     4 ||     8
  Use: Scroll            |       |     1 ||     1
 Stab: Sleeping          |       |     4 ||     4
  Eat: Chunk             |     3 |     4 ||     7
       Ration            |       |     2 ||     2
Armor: Robe              |    21 |    23 ||    44
       Ring mail         |       |     4 ||     4
Dodge: Dodged            |    95 |    95 ||   190

Vault maps used:
D:1:      dpeg_cavernosity
D:2:      gammafunk_temple_overflow_pools, uniq_crazy_yiuf_cottage
D:3:      first_ration
D:4:      kennysheep_spiral_hall, xom_teletrap_fun, uniq_duvessa
D:5:      yredelemnul_forgotten_temple_becter
D:6:      minmay_cornered_nines, nicolae_overflow_crystal_walls,
          minmay_curled_crystal, kennysheep_generic_room_11
